 Dungeon Crawl Stone Soup version 0.31-a0-986-g5e6e4ef867 (webtiles) character file.

Game seed: 5383473493629983603

10311 Firecrotchwizard the Grappler (level 11, -3/106 HPs)
             Began as a Naga Shapeshifter on Nov 15, 2023.
             Was a High Priest of Okawaru.
             Shot with an arrow by a centaur warrior (10 damage)
             ... on level 11 of the Dungeon.
             The game lasted 00:29:01 (12310 turns).

Firecrotchwizard the Grappler (Naga Shapeshifter)  Turns: 12310, Time: 00:29:02

Health: -3/106     AC: 16    Str: 18    XL:     11   Next: 60%
Magic:  12/14      EV:  8    Int: 11    God:    Okawaru [*****.]
Gold:   653        SH:  7    Dex: 17    Spells: 10/10 levels left

rFire   . .          .
                       - Unarmed
rCold   . . .        n - +1 buckler {reflect}
rNeg    . . .        C - +7 chain mail of the Blizzard {+Blink Will+ Str-5 Dex+3}
rPois   +            (helmet currently unavailable)
rElec   .            (cloak currently unavailable)
rCorr   .            (gloves currently unavailable)
SInv    +            (no barding)
Will    ++...        (no amulet) Stlth
                     h - +4 ring of slaying
HPRegen 0.37/turn    o - +6 ring of strength
MPRegen 0.14/turn

%: reflection
@: beast-form, heroic, very slow
A: beast (slay +4), AC +3, large, see invisible, deformed body, poison
resistance, slowness 2, spit poison 1, naga tail 1
a: Spit Poison, Begin Untransformation, Renounce Religion, Evoke Blink, Heroism,
Finesse, Duel


You were on level 11 of the Dungeon.
You worshipped Okawaru.
Okawaru was extremely pleased with you.
You were a hulking beast.
You visited 2 branches of the dungeon, and saw 12 of its levels.

You collected 653 gold pieces.

Inventory:

Hand Weapons
 r - a +2 hand axe of flaming
Missiles
 N - a silver javelin
Armour
 a - a +0 animal skin
 n - a +1 buckler of reflection (worn)
 s - a +0 barding
 z - a +0 chain mail
 C - the +7 chain mail of the Blizzard (worn) {+Blink Will+ Str-5 Dex+3}
   (You found it on level 5 of the Dungeon)

   Str-5:     It affects your strength (-5).
   Dex+3:     It affects your dexterity (+3).
   Will+:     It increases your willpower.
   +Blink:    It lets you blink.
 K - +0 acid dragon scales
Jewellery
 h - a +4 ring of slaying (left hand)
 o - a +6 ring of strength (right hand)
 v - a ring of flight
 x - an amulet of faith
 I - a ring of fire
Talismans
 c - a beast talisman (active)
 d - a flux talisman
 g - a maw talisman
Wands
 D - a wand of flame (12)
 F - a wand of mindburst (3)
 G - a wand of iceblast (5)
 L - a wand of quicksilver (14)
 M - a wand of digging (8)
Scrolls
 i - a scroll of identify
 j - 2 scrolls of revelation
 t - a scroll of teleportation
 w - 3 scrolls of enchant weapon
 y - 2 scrolls of torment
 J - 3 scrolls of amnesia
Potions
 b - a potion of lignification
 e - 2 potions of degeneration {unknown}
 f - 3 potions of cancellation {unknown}
 k - 5 potions of curing
 l - 2 potions of might {unknown}
 m - 4 potions of enlightenment
 p - a potion of brilliance {unknown}
 q - 3 potions of ambrosia
 u - a potion of berserk rage {unknown}
 A - a potion of heal wounds
 B - a potion of haste {unknown}
 E - 2 potions of attraction {unknown}
 H - 2 potions of invisibility {unknown}


   Skills:
 - Level 9.0(14.0) Fighting
 - Level 1.5(6.5) Dodging
 - Level 11.1(16.1) Unarmed Combat
 + Level 5.1 Invocations
 - Level 3.7 Evocations
 + Level 9.4 Shapeshifting


You had 10 spell levels left.
You didn't know any spells.
Your spell library contained the following spells:

 Spells                   Type           Power      Damage    Failure   Level
 Kiss of Death            Conj/Necr      0%         2d5       98%         1
 Confusing Touch          Hex            0%         N/A       100%        3
 Gell's Gravitas          Tloc           0%         N/A       100%        3
 Stone Arrow              Conj/Erth      0%         3d7       100%        3
 Teleport Other           Tloc           0%         N/A       100%        3
 Anguish                  Hex/Necr       0%         N/A       100%        4
 Cause Fear               Hex            0%         N/A       100%        4
 Dimensional Bullseye     Hex/Tloc       0%         N/A       100%        4
 Dispel Undead            Necr           0%         3d6       100%        4
 Iskenderun's Mystic Bla  Conj/Tloc      0%         2d3       100%        4
 Passage of Golubria      Tloc           0%         N/A       100%        4
 Yara's Violent Unravell  Hex/Tmut       0%         3d3       100%        5
 Dispersal                Tloc           0%         N/A       100%        6
 Eringya's Noxious Bog    Tmut/Pois      0%         4d6       100%        6
 Enfeeble                 Hex            0%         N/A       100%        7
 Lehudib's Crystal Spear  Conj/Erth      0%         10d2      100%        8
 Tukima's Dance           Hex            Unusable   N/A       N/A         3
 Animate Armour           Summ/Erth      Unusable   N/A       N/A         4
 Summon Forest            Summ/Tloc      Unusable   N/A       N/A         5
 Summon Hydra             Summ           Unusable   N/A       N/A         7

Dungeon Overview and Level Annotations

Branches:
Dungeon (11/15)            Temple (1/1) D:6             Orc (0/2) D:9
   Lair: D:8-11

Altars:
Cheibriados
Dithmenos
Elyvilon
Fedhas
Gozag
Hepliaklqana
Makhleb
Nemelex Xobeh
Okawaru
Qazlal
Ru
Sif Muna
Trog
Uskayaw
Vehumet
Wu Jian
Xom
Yredelemnul
Zin
The Shining One

Shops:
D:6 (

Annotations:
D:9 2 runed translucent doors


Innate Abilities, Weirdness & Mutations

You are a hulking beast.
Your limbs bulge with bestial killing power. (Slay +4)
Your serpentine skin is tough. (AC +3)
You have supernaturally acute eyesight. (SInv)
Armour fits poorly on your strangely shaped body.
Your system is resistant to poisons. (rPois)
You cover ground very slowly.
You can spit poison.
You have a snake-like lower body.


Message History

You completely miss the elephant.
The elephant is almost dead.
The elephant barely misses you.
The elephant trunk-slaps you but does no damage.
You pummel the elephant!!
You kill the elephant!
Okawaru accepts your kill.
You start resting.
Magic restored.
You start resting.
You feel like a meek peon again.
You start resting.
HP restored.
A cyclops comes into view.
The cyclops shouts!
You start waiting.
A cyclops is nearby!
You punch the cyclops!
The cyclops is moderately wounded.
You punch the cyclops!
The cyclops is heavily wounded.
You block the cyclops's attack.
You pummel the cyclops!!
The cyclops is almost dead.
You punch the cyclops!
You kill the cyclops!
Okawaru accepts your kill.
No target in view!
Things that are here:
6 large rocks; a cyclops corpse You see here an ugly thing skeleton.
You see here a shapeshifter corpse.
You see here the +0 scale mail "Horoylaj" {rC+}.
A cyclops comes into view.
The cyclops shouts!
You hear a bellow!
A centaur comes into view.
A centaur is nearby!
The centaur wields a +0 shortbow.
The centaur shoots an arrow.
You block the arrow with your +1 buckler of reflection... and reflect it back!
The arrow hits the centaur!
The centaur shoots an arrow.
The arrow hits you.
The centaur shoots an arrow.
The arrow barely misses you.
The centaur shoots an arrow.
The arrow barely misses you.
The centaur shoots an arrow.
You block the arrow with your +1 buckler of reflection... and reflect it back!
The arrow barely misses the centaur.
The centaur shoots an arrow.
The arrow barely misses you.
The centaur shoots an arrow.
The arrow closely misses you.
You punch the centaur!
The centaur is almost dead.
The centaur unwields a +0 shortbow.
The centaur hits you but does no damage.
The centaur kicks you but does no damage.
You completely miss the centaur.
The centaur is almost dead.
The centaur hits you.
The centaur kicks you but does no damage.
You pummel the centaur!!
You kill the centaur!
Okawaru accepts your kill.
The cyclops throws a large rock.
The large rock hits you!!
A centaur warrior comes into view.
Found a knobbly glowing staff.
The centaur warrior shouts!
You hear a bellow! x2
The centaur warrior wields a +0 shortbow.
The centaur warrior shoots an arrow.
You block the arrow with your +1 buckler of reflection... and reflect it back!
The arrow completely misses the centaur warrior.
The cyclops hits you!!
Things that are here:
a +0 shortbow; a centaur corpse You hit the cyclops.
The cyclops is lightly wounded.
The centaur warrior shoots an arrow.
The arrow hits you!
* * * LOW HITPOINT WARNING * * *
The cyclops hits you.
* * * LOW HITPOINT WARNING * * *
You feel much better. The cyclops attacks as it pursues you!
The cyclops hits you!!
* * * LOW HITPOINT WARNING * * *
You gain the combat prowess of a mighty hero.
The cyclops hits you but does no damage.
You pummel the cyclops!!
The cyclops is heavily wounded.
You hit the cyclops.
The cyclops is heavily wounded.
The cyclops misses you.
You hit the cyclops.
The cyclops is severely wounded.
You punch the cyclops!
The cyclops is almost dead.
The cyclops hits you!
* * * LOW HITPOINT WARNING * * *
You punch the cyclops!
You kill the cyclops!
Okawaru is honoured by your kill.
Your Invocations skill increases to level 5!
The centaur warrior shoots an arrow.
The arrow hits you!
* * * LOW HITPOINT WARNING * * *
The centaur warrior shoots an arrow.
The arrow hits you!
You die...

#................#
#####...............)#
.....................#
.....................#
.....................###
........................
................[.......
........................
######....######h...#...
# ......#|............
......#.....c##.....
......#......# ..... ...
#....... .... #....#..
#... ......... ...
...##.....


You could see a centaur warrior.

Vanquished Creatures
  A two-headed ogre (D:9)
  An ugly thing (D:11)
  2 cyclopes (D:11)
  An elephant (shapeshifter) (D:11)
  5 trolls
  3 red devils (D:8)
  2 hornets
  A wraith (D:10)
  5 yaks (D:10)
  A slime creature (D:11)
  A wyvern (D:8)
  An acid dragon (D:10)
  4 water moccasins
  2 orc warriors (D:8)
  A sky beast (D:8)
  2 black bears
  2 ice beasts
  3 ogres
  3 centaurs
  2 phantoms
  6 kobold brigands
  4 bullfrogs
  3 gnoll sergeants (D:9)
  A scorpion (D:6)
  14 wights
  10 killer bees
  A jelly (D:5)
  5 orc priests
  4 hounds
  Jessica (D:2)
  A sleepcap (D:7)
  Natasha (thrice) (D:3)
  4 iguanas
  10 orc wizards
  11 adders
  2 gnolls (D:9)
  A worm (D:2)
  A dart slug (D:5)
  48 orcs
  4 bats
  10 endoplasms
  9 giant cockroaches
  10 goblins
  9 hobgoblins
  5 jackals (D:1)
  4 quokkas
  3 ball pythons
  4 frilled lizards
  26 kobolds
  8 rats
265 creatures vanquished.

Notes
Turn   | Place    | Note
-------+----------+-------------------------------------------
     0 | D:1      | Firecrotchwizard the Naga Shapeshifter began the quest for
                  | the Orb.
     0 | D:1      | Reached XP level 1. HP: 18/18 MP: 1/1
     2 | D:1      | Noticed a human
     2 | D:1      | Noticed a vampire
     4 | D:1      | Noticed an octopode
     4 | D:1      | Noticed a gargoyle
     6 | D:1      | Noticed a naga
     8 | D:1      | Noticed a draconian
     8 | D:1      | Noticed a troll
    10 | D:1      | Noticed a minotaur
    12 | D:1      | Noticed a demonspawn
    12 | D:1      | Noticed a merfolk
    14 | D:1      | Noticed a felid
    16 | D:1      | Noticed an ogre
    16 | D:1      | Noticed an elf
    18 | D:1      | Noticed a formicid
    18 | D:1      | Noticed a meteoran
    20 | D:1      | Noticed a tengu
    20 | D:1      | Noticed a vine stalker
    22 | D:1      | Noticed a demigod
    22 | D:1      | Noticed a ghoul
    24 | D:1      | Noticed an armataur
    24 | D:1      | Noticed a spriggan
    26 | D:1      | Noticed an elf
    26 | D:1      | Noticed a formicid
   112 | D:1      | Reached XP level 2. HP: 24/25 MP: 2/2
   539 | D:1      | Reached XP level 3. HP: 31/31 MP: 3/3
  1127 | D:2      | Identified the +1 falchion of Conformity {heavy, rN+ Str-2
                  | Stlth+}
  1135 | D:2      | Noticed Jessica
  1138 | D:2      | Killed Jessica
  1139 | D:2      | Reached skill level 4 in Unarmed Combat
  1139 | D:2      | Reached XP level 4. HP: 15/39 MP: 4/4
  1436 | D:3      | Reached XP level 5. HP: 43/46 MP: 5/5
  1532 | D:3      | Reached skill level 5 in Unarmed Combat
  1796 | D:3      | Reached XP level 6. HP: 55/55 MP: 6/6
  2055 | D:3      | Noticed Natasha
  2063 | D:3      | Killed Natasha
  2128 | D:3      | Noticed Natasha
  2145 | D:3      | Killed Natasha
  2158 | D:3      | Noticed Natasha
  2174 | D:3      | Killed Natasha
  3121 | D:4      | Reached XP level 7. HP: 49/62 MP: 7/7
  3201 | D:4      | Reached skill level 6 in Unarmed Combat
  3651 | D:5      | Entered Level 5 of the Dungeon
  4147 | D:5      | Reached skill level 7 in Unarmed Combat
  4147 | D:5      | Reached skill level 5 in Shapeshifting
  4147 | D:5      | Reached XP level 8. HP: 34/73 MP: 8/8
  4625 | D:5      | Identified the +7 chain mail of the Blizzard {+Blink Will+
                  | Str-5 Dex+3}
  4702 | D:5      | Found an ornate altar of the Wu Jian Council.
  4853 | D:6      | Found Ykhideq's Antique Weapon Emporium.
  4861 | D:6      | Found a radiant altar of Vehumet.
  4918 | D:6      | Found a staircase to the Ecumenical Temple.
  4930 | Temple   | Entered the Ecumenical Temple
  4937 | Temple   | Became a worshipper of Warmaster Okawaru
  5215 | D:6      | Reached skill level 5 in Fighting
  5251 | D:6      | Reached skill level 8 in Unarmed Combat
  5431 | D:6      | Reached * piety under Okawaru
  5432 | D:6      | Reached XP level 9. HP: 67/81 MP: 9/9
  6053 | D:7      | Reached skill level 9 in Unarmed Combat
  6060 | D:7      | Reached skill level 1 in Invocations
  6677 | D:8      | Reached ** piety under Okawaru
  7194 | D:8      | Noticed a red devil
  7194 | D:8      | Noticed a red devil
  7208 | D:8      | Killed a red devil
  7211 | D:8      | Killed a red devil
  7212 | D:8      | Reached XP level 10. HP: 43/94 MP: 12/12
  7642 | D:8      | Reached *** piety under Okawaru
  7974 | D:8      | Reached skill level 10 in Unarmed Combat
  8002 | D:8      | Reached skill level 1 in Evocations
  8348 | D:8      | Found a stormy altar of Qazlal.
  8680 | D:9      | Reached **** piety under Okawaru
  8813 | D:9      | Found a large runed translucent door.
  8813 | D:9      | Found a large runed translucent door.
  9131 | D:9      | Found a staircase to the Orcish Mines.
  9982 | D:9      | Noticed a two-headed ogre
  9993 | D:9      | Killed a two-headed ogre
  9994 | D:9      | Reached XP level 11. HP: 79/104 MP: 13/13
 10186 | D:9      | Found a burning altar of Makhleb.
 10368 | D:9      | Reached ***** piety under Okawaru
 10679 | D:10     | Entered Level 10 of the Dungeon
 10717 | D:10     | Reached skill level 11 in Unarmed Combat
 11006 | D:10     | Noticed a +0 hand axe
 11006 | D:10     | Noticed a +0 hand axe
 11007 | D:10     | Found a hide-covered altar of Uskayaw.
 12032 | D:11     | Noticed a green ugly thing
 12051 | D:11     | Killed a green ugly thing
 12051 | D:11     | Received a gift from Okawaru
 12078 | D:11     | a polar bear changed into a harpy
 12078 | D:11     | Noticed a harpy (shapeshifter)
 12083 | D:11     | a harpy changed into an elephant
 12261 | D:11     | Noticed a cyclops
 12270 | D:11     | Killed a cyclops
 12287 | D:11     | Identified the +0 scale mail "Horoylaj" {rC+}
 12288 | D:11     | Noticed a cyclops
 12300 | D:11     | Noticed a centaur warrior
 12309 | D:11     | Killed a cyclops
 12310 | D:11     | Reached skill level 5 in Invocations
 12310 | D:11     | Shot with an arrow by a centaur warrior

Illustrated notes

Levels and vault maps discovered:
D:1:      kb_arrival_jail, layout_rooms
D:2:      layout_loops_ring, uniq_jessica
D:3:      layout_loops_ring, corner_web_ring, kennysheep_minor_cross,
          minmay_cupped, uniq_natasha
D:4:      layout_gridville, nicolae_half_adder
D:5:      layout_basic, kennysheep_mini, dk_vineyard_3, grunt_ministairs_3
D:6:      layout_basic, vehumet_crystals, minmay_temple_entry_arrows,
          serial_shops, shop, serial_bayou_crossing
D:7:      layout_basic
D:8:      layout_basic, nicolae_qazlal_eye_of_the_storm,
          einodemon_armed_red_devil_minivault
D:9:      layout_stronghold, lightli_temple_of_fire, jmf_multi_god_temple2,
          kennysheep_orc_monster_closet_entryway, enter_bailey_4
D:10:     layout_stronghold, dancing_weapons_uskayaw
D:11:     minmay_cut_squares, layout_irregular_city, dpeg_lair_monsters,
          minmay_door_square, minmay_three_doors
Temple:   hellmonk_temple_two_chambers

Skill      XL: |  1  2  3  4  5  6  7  8  9 10 11 |
---------------+----------------------------------+-----
Fighting       | 2 3 4 5 7 8 9 |  9.0
Unarmed Combat | 4 5 7 8 9 10 11 | 11.1
Shapeshifting  | 4 5 7 8 9 |  9.4
Invocations    | 3 5 |  5.1
Evocations     | 3 |  3.7
Dodging        | |  1.5

Action                     |  1- 3 |  4- 6 |  7- 9 | 10-12 || total
---------------------------+-------+-------+-------+-------++-------
  Melee: Unarmed           |    75 |    51 |   234 |   296 ||   656
         Punch             |     1 |     4 |       |       ||     5
         Hand axe          |    11 |    82 |       |       ||    93
 Invoke: Heroism           |       |       |       |     2 ||     2
Ability: Spit Poison       |       |     3 |     3 |     3 ||     9
  Evoke: Wand              |       |       |     6 |     5 ||    11
    Use: Potion            |       |     1 |       |     1 ||     2
         Scroll            |       |       |     7 |     8 ||    15
   Stab: Sleeping          |     2 |     1 |       |       ||     3
         Distracted        |     1 |       |       |       ||     1
 Armour: Animal skin       |    45 |    79 |    15 |       ||   139
         Skin              |       |    24 |       |       ||    24
         Chain mail        |       |       |   198 |   289 ||   487
  Dodge: Dodged            |    42 |    55 |    56 |    92 ||   245
  Block: Buckler           |       |     6 |    42 |    66 ||   114
         Reflection        |       |       |     2 |     8 ||    10
   Form: Beast             |       |     1 |       |       ||     1
         Maw               |       |     1 |       |       ||     1

Table legend: (Time is in decaauts)
 A = Elapsed time spent in this place.
 B = Non-inter-level travel time spent in this place.
 C = Inter-level travel time spent in this place.
 D = Time resting spent in this place.
 E = Time spent auto-exploring this place.
 F = Levels seen in this place.
 G = Mean time per level.
                   A        B        C        D        E       F      G
               +--------+--------+--------+--------+--------+-----+--------+
         Total |  14786 |  14355 |    431 |   3643 |   8796 |  12 | 1232.2 |
       Dungeon |  14767 |  14344 |    423 |   3643 |   8796 |  11 | 1342.5 |
        Temple |     18 |     10 |      8 |      0 |      0 |   1 |   18.0 |
               +--------+--------+--------+--------+--------+-----+--------+

Top non-repeatable levels by time:
     D:9: 2447 daAuts
     D:8: 1874 daAuts
     D:3: 1779 daAuts
    D:10: 1575 daAuts
     D:7: 1398 daAuts
     D:5: 1304 daAuts
     D:6: 1235 daAuts
     D:2: 1075 daAuts
     D:4: 907 daAuts
     D:1: 736 daAuts
    D:11: 433 daAuts
  Temple: 18 daAuts
